 Dungeon Crawl Stone Soup version 0.26-a0-546-g3c2127501a (webtiles) character file.

Game seed: 5576973088096059355

(classic levelgen) 113113 EnegeticOcto the Severer (level 15, -4/135 HPs)
             Began as a Deep Dwarf Fighter on Aug 19, 2020.
             Was the Champion of Okawaru.
             Slain by an enormous slime creature (58 damage)
             ... on level 5 of the Lair of Beasts.
             The game lasted 00:48:50 (5651 turns).

EnegeticOcto the Severer (Deep Dwarf Fighter)       Turns: 5651, Time: 00:48:50

Health: -4/135     AC: 29    Str: 24    XL:     15   Next: 37%
Magic:  2/2        EV: 16    Int: 14    God:    Okawaru [******]
Gold:   632        SH: 15    Dex: 18    Spells: 35/35 levels left

rFire    . . .     SeeInvis +   o - +5 broad axe (freeze)
rCold    + . .     Faith    .   c - +0 kite shield
rNeg     + + .     Spirit   .   t - +0 plate armour
rPois    .         Reflect  .   q - +2 helmet {SInv}
rElec    .         Harm     .   u - +1 cloak {rCorr}
rCorr    +                      I - +1 pair of gloves "Upneyzu" {*Slow rC+ rN+ Regen+}
MR       ++...                  (no boots)
Stlth    ..........             J - amulet of the Suburbs {Acrobat Int+3 Stlth+}
HPRegen  0.00/turn              D - +4 ring of protection
MPRegen  0.08/turn              P - +6 ring of dexterity

@: heroism, non-regenerating
A: damage resistance, heal wounds, negative energy resistance 1, sense
surroundings 2, no regeneration
}: 2/15 runes: barnacled, gossamer
a: Heal Wounds, Heroism, Finesse, Renounce Religion


You were on level 5 of the Lair of Beasts.
You worshipped Okawaru.
Okawaru was exalted by your worship.
You visited 5 branches of the dungeon, and saw 26 of its levels.

You collected 632 gold pieces.

Inventory:

Hand Weapons
 o - a +5 broad axe of freezing (weapon)
Missiles
 B - 5 throwing nets {!f}
 L - 6 boomerangs (quivered)
Armour
 a - the +0 kite shield "Qupn" {+Blink rN++ Int+2 Slay-5}
   (Okawaru gifted it to you on level 5 of the Lair of Beasts)

   It affects your intelligence (+2).
   It affects your accuracy and damage with ranged weapons and melee attacks
   (-5).
   It greatly protects you from negative energy.
   It lets you blink.
 c - a +0 kite shield (worn)
 q - a +2 helmet of see invisible (worn)
 t - a +0 plate armour (worn)
 u - a +1 cloak of preservation (worn)
 E - a +2 chain mail of poison resistance
 I - the +1 pair of gloves "Upneyzu" (worn) {*Slow rC+ rN+ Regen+}
   (Okawaru gifted it to you on level 3 of the Spider Nest)

   It protects you from cold.
   It protects you from negative energy.
   It increases your rate of regeneration.
   It may slow you when you take damage.
Jewellery
 m - a +6 ring of strength
 D - a +4 ring of protection (left hand)
 J - the amulet of the Suburbs (around neck) {Acrobat Int+3 Stlth+}
   (You found it on level 4 of the Shoals)

   [amulet of the acrobat]

   It helps you evade while moving and waiting.
   It affects your intelligence (+3).
   It makes you more stealthy.
 N - an uncursed ring of wizardry
 P - a +6 ring of dexterity (right hand)
Wands
 f - a wand of disintegration (1)
 z - a wand of digging (7) {@v3}
 G - a wand of polymorph (8)
 R - a wand of flame (14) {@v4}
Scrolls
 i - a scroll of silence
 l - 3 scrolls of magic mapping {@r5 !r}
 p - 8 scrolls of teleportation {@r3 !r}
 C - 2 scrolls of fear {!r}
 F - a scroll of remove curse {@r2}
 T - 2 scrolls of identify {@r1}
Potions
 g - a potion of haste {@q4 !q}
 w - 4 potions of curing {@q1 !q}
 A - a potion of berserk rage
 H - 6 potions of ambrosia
 O - a potion of magic
 S - a potion of heal wounds {@q2 !q}


   Skills:
 + Level 9.2(14.2) Fighting
 - Level 16.0(21.0) Axes
 - Level 10.0(15.0) Armour
 + Level 9.1(14.1) Dodging
 - Level 10.0(15.0) Shields
 + Level 10.7 Spellcasting
 - Level 10.0 Invocations
 - Level 8.0 Evocations


You had 35 spell levels left.
You didn't know any spells.
Your spell library contained the following spells:

 Spells                   Type           Power        Failure   Level
 Magic Dart               Conj           #...         58%         1
 Blink                    Tloc           N/A          75%         2
 Call Imp                 Summ           #.......     75%         2
 Slow                     Hex            #.......     75%         2
 Conjure Flame            Conj/Fire      #.......     92%         3
 Mephitic Cloud           Conj/Pois/Air  #.......     92%         3


Dungeon Overview and Level Annotations

Branches:
Dungeon (11/15)              Lair (6/6) D:8          Shoals (4/4) Lair:2
 Spider (4/4) Lair:2        Slime (1/5) Lair:5
 Temple: D:4-7          Orc: D:9-12

Altars:
Ashenzari
Nemelex Xobeh
Okawaru
Ru
Vehumet
Wu Jian
The Shining One

Shops:
Shoals:3 [

Annotations:
Shoals:3 1 transporter, Kiref's ghost, adept HOFi


Innate Abilities, Weirdness & Mutations

You are resistant to damage.
You can heal yourself by infusing magical energy.
You resist negative energy. (rN+)
You passively map the area around you.
You do not regenerate.


Message History

You slash the acid blob! You freeze the acid blob.
You kill the acid blob!
Okawaru accepts your kill.
Your base Dodging skill increases to level 9!
You hit the enormous slime creature. You freeze the enormous slime creature.
You slash the large slime creature! You freeze the large slime creature.
You hit the azure jelly but do no damage.
The azure jelly hits you! The azure jelly freezes you! You resist.
The azure jelly hits you but does no damage.
You block the azure jelly's attack.
The azure jelly hits you but does no damage.
A slime creature comes into view.
Evoke which item? (* to show all) (? for menu, Esc to quit)
Okay, then.
The azure jelly misses you.
The azure jelly hits you but does no damage.
You block the azure jelly's attack. x2; A large slime creature splits.
You climb upwards.
Welcome back to the Lair of Beasts!
There is a staircase to the Slime Pits here.
You block the azure jelly's attack. The azure jelly closely misses you.
The azure jelly hits you but does no damage.
The azure jelly completely misses you. The slime creature barely misses you.
The azure jelly misses you. The azure jelly barely misses you.
The azure jelly hits you but does no damage.
You block the azure jelly's attack.
The slime creature completely misses you.
You block the slime creature's attack.
You slice the enormous slime creature!! You freeze the enormous slime creature.
The enormous slime creature is moderately wounded.
You slash the slime creature! You freeze the slime creature.
You hit the slime creature but do no damage.
The enormous slime creature hits you but does no damage.
You block the slime creature's attack.
The azure jelly completely misses you. x3; The azure jelly barely misses you.
An enormous slime creature splits.
A slime creature suddenly becomes a large slime creature.
You block the azure jelly's attack. x2
The azure jelly hits you but does no damage.
The azure jelly barely misses you.
A large slime creature splits.
The azure jelly jiggles.
A slime creature suddenly becomes a very large slime creature.
Two slime creatures merge to form an enormous slime creature.
The azure jelly hits you but does no damage.
You block the azure jelly's attack. The azure jelly closely misses you.
You block the azure jelly's attack.
You hit the azure jelly but do no damage.
The azure jelly is moderately wounded.
You slash the azure jelly!
The azure jelly is moderately wounded.
The azure jelly misses you.
The azure jelly hits you but does no damage. x2
The azure jelly hits you.
You slash the azure jelly! You freeze the azure jelly.
The azure jelly is heavily wounded.
You slice the large slime creature!! You freeze the large slime creature.
You block the azure jelly's attack. The azure jelly closely misses you.
The azure jelly hits you but does no damage.
You block the azure jelly's attack.
A large slime creature splits.
You hit the azure jelly. You freeze the azure jelly.
The azure jelly is severely wounded.
You hit the slime creature. You freeze the slime creature.
You slash the slime creature! You freeze the slime creature.
You block the azure jelly's attack. x3
The azure jelly hits you but does no damage.
You hit the azure jelly. You freeze the azure jelly.
The azure jelly is severely wounded.
You barely miss the slime creature. You slice the slime creature!!
You freeze the slime creature.
You kill the slime creature!
Okawaru accepts your kill. You block the slime creature's attack.
The azure jelly hits you but does no damage. x2
You block the azure jelly's attack. The azure jelly barely misses you.
You slice the azure jelly!! You freeze the azure jelly.
The azure jelly is almost dead.
You hit the slime creature. You freeze the slime creature.
You block the slime creature's attack. You block the azure jelly's attack.
The azure jelly hits you. The azure jelly freezes you!! You resist.
The azure jelly hits you but does no damage.
You block the azure jelly's attack.
You hit the azure jelly but do no damage.
The azure jelly is almost dead.
You slash the slime creature! You freeze the slime creature.
The azure jelly hits you but does no damage.
The azure jelly hits you.
* * * LOW HITPOINT WARNING * * *
The azure jelly freezes you! You resist.
* * * LOW HITPOINT WARNING * * *
You block the azure jelly's attack. x2
You slice the azure jelly!!
You kill the azure jelly!
Okawaru accepts your kill.
You slash the slime creature! You freeze the slime creature.
You kill the slime creature!
Okawaru accepts your kill.
You completely miss the enormous slime creature.
The enormous slime creature barely misses you.
Your magical essence is drained by the effort!
You feel much better. The enormous slime creature hits you!!!
You die...

#.#.)..P.#.#.....#*##
###...............#*P
#...............###
#..........#....#**
#P#.......P#.....**
####......##*##.,*,
##### #........* **,*,
#P..###........#****,,
*#...@..........**,,*,
#...J.#P..##..,,,,*,*
##.#..###.##,#.,,,,,**
##...###
*##***,,,,,,** ##....#
**,,,,,,, ###.#..##
*,,,,,,,, ##...##.$#
*****,,,, #....J..##
*,,,,, #..!.....#
******


You could see an enormous slime creature.

Vanquished Creatures
  Nikola (Shoals:2)
  4 acid blobs
  2 azure jellies
  4 ghost moths
  6 emperor scorpions (Spider:4)
  9 merfolk impalers
  A catoblepas (Lair:6)
  A merfolk avatar (Shoals:2)
  An alligator snapping turtle (Shoals:3)
  4 death yaks
  8 sea snakes
  A kraken simulacrum (Shoals:4)
  7 harpies
  5 orb spiders
  9 wolf spiders
  3 fauns (Shoals:2)
  A moth of wrath (Spider:4)
  6 manticores
  10 elephants
  3 black mambas
  Joseph (D:8)
  4 merfolk sirens
  3 water nymphs (Shoals:4)
  2 komodo dragons
  4 cane toads
  A rime drake (Lair:6)
  A gargoyle (D:10)
  A demonic crawler (Spider:4)
  A troll (D:10)
  10 merfolk
  6 jumping spiders
  5 wind drakes
  15 slime creatures
  A polar bear (Lair:6)
  Prince Ribbit (D:8)
  3 tyrant leeches (Spider:4)
  8 hippogriffs
  4 snapping turtles
  A vampire (D:11)
  27 redbacks
  15 tarantellas
  A wyvern (D:8)
  A water elemental (Shoals:1)
  2 basilisks
  Grum (D:8)
  5 water moccasins
  4 porcupines
  An ice beast (D:9)
  An eye of draining (Slime:1)
  2 necrophages (D:8)
  2 phantoms
  4 black bears
  2 orc warriors
  9 wolves
  3 ogres
  5 centaurs
  7 crocodiles
  A big kobold (D:10)
  3 bullfrogs
  An earth elemental (Spider:4)
  A wyvern skeleton (D:8)
  2 scorpions
  6 killer bees (D:11)
  10 wights
  2 howler monkeys (D:9)
  4 hounds
  A quasit (D:7)
  A centaur skeleton (D:10)
  A jelly (D:6)
  6 orc priests
  15 orc wizards
  2 iguanas (D:8)
  5 worker ants
  A howler monkey skeleton (D:3)
  3 gnolls (D:6)
  7 adders
  A shadow imp (D:8)
  2 ufetubi (D:9)
  An adder zombie (D:9)
  3 adder skeletons
  A worm (D:2)
  4 leopard geckos
  34 orcs
  2 giant cockroaches
  2 goblins
  A quokka (D:10)
  A ball python (D:1)
  2 bats
  8 kobolds
  A quokka skeleton (D:6)
  3 rats
  2 plants
390 creatures vanquished.

Vanquished Creatures (others)
  A gnoll (D:6)
  A fungus (D:8)
  5 plants
  4 tentacles (Shoals:4)
11 creatures vanquished.

Grand Total: 401 creatures vanquished

Notes
Turn   | Place    | Note
-------+----------+-------------------------------------------
     0 | D:1      | EnegeticOcto the Deep Dwarf Fighter began the quest for the
                  | Orb.
     0 | D:1      | Reached XP level 1. HP: 20/20 MP: 1/1
   222 | D:2      | Reached skill level 3 in Axes
   245 | D:2      | Reached XP level 2. HP: 27/27 MP: 2/2
   267 | D:2      | Found an iron altar of Okawaru.
   267 | D:2      | Found a sparkling altar of Nemelex Xobeh.
   271 | D:2      | Became a worshipper of Warmaster Okawaru
   295 | D:3      | Reached skill level 1 in Invocations
   307 | D:3      | Reached XP level 3. HP: 28/33 MP: 3/3
   312 | D:3      | Reached skill level 4 in Axes
   316 | D:3      | Reached skill level 2 in Invocations
   324 | D:3      | Reached XP level 4. HP: 34/40 MP: 5/5
   345 | D:4      | Noticed an ogre
   357 | D:4      | Killed an ogre
   357 | D:4      | Reached * piety under Okawaru
   357 | D:4      | Reached skill level 5 in Axes
   357 | D:4      | Reached skill level 3 in Invocations
   357 | D:4      | Reached XP level 5. HP: 29/46 MP: 5/7
   393 | D:4      | Reached skill level 6 in Axes
   393 | D:4      | Reached skill level 4 in Invocations
   393 | D:4      | Reached XP level 6. HP: 39/55 MP: 7/9
   424 | D:5      | Entered Level 5 of the Dungeon
   614 | D:6      | Reached skill level 7 in Axes
   622 | D:6      | Found a radiant altar of Vehumet.
   702 | D:6      | Found a sacrificial altar of Ru.
   739 | D:6      | Reached XP level 7. HP: 59/61 MP: 7/10
   741 | D:6      | Reached ** piety under Okawaru
   742 | D:6      | Reached skill level 8 in Axes
   895 | D:7      | Your magical essence is drained by the effort!
   933 | D:7      | Reached skill level 9 in Axes
   988 | D:7      | Found an ornate altar of the Wu Jian Council.
  1039 | D:8      | Found a staircase to the Lair.
  1039 | D:8      | Noticed a basilisk
  1057 | D:8      | Reached XP level 8. HP: 54/68 MP: 8/10
  1065 | D:8      | Reached skill level 10 in Axes
  1068 | D:8      | Reached *** piety under Okawaru
  1077 | D:8      | Your magical essence is drained by the effort!
  1103 | D:8      | Reached skill level 11 in Axes
  1133 | D:8      | Noticed Prince Ribbit
  1147 | D:8      | Killed Prince Ribbit
  1158 | D:8      | Reached skill level 12 in Axes
  1181 | D:8      | Your magical essence is drained by the effort!
  1184 | D:8      | Reached **** piety under Okawaru
  1184 | D:8      | Gained mutation: You passively map the area around you.
                  | [Deep Dwarf growth]
  1184 | D:8      | Reached XP level 9. HP: 44/74 MP: 7/9
  1185 | D:8      | Your magical essence is drained by the effort!
  1202 | D:8      | Your magical essence is drained by the effort!
  1211 | D:8      | Reached skill level 13 in Axes
  1339 | D:8      | Noticed Grum
  1351 | D:8      | Killed Grum
  1351 | D:8      | Reached skill level 1 in Evocations
  1368 | D:9      | Reached ***** piety under Okawaru
  1368 | D:9      | Reached skill level 2 in Evocations
  1385 | D:10     | Entered Level 10 of the Dungeon
  1418 | D:10     | Your magical essence is drained by the effort!
  1423 | D:10     | Reached skill level 14 in Axes
  1423 | D:10     | Reached skill level 5 in Invocations
  1497 | D:10     | Reached skill level 3 in Evocations
  1565 | D:10     | Reached XP level 10. HP: 66/81 MP: 8/8
  1682 | D:10     | Noticed a gargoyle
  1684 | D:10     | Killed a gargoyle
  1743 | D:11     | Your magical essence is drained by the effort!
  1773 | D:11     | Your magical essence is drained by the effort!
  1782 | D:11     | Reached skill level 4 in Evocations
  1789 | D:11     | Reached skill level 6 in Invocations
  1887 | D:10     | Received a gift from Okawaru
  1888 | D:10     | Got a crude dire flail {god gift}
  1894 | D:10     | Identified the +6 dire flail of Lirygagh {vorpal, rC+
                  | Int+4} (Okawaru gifted it to you on level 10 of the
                  | Dungeon)
  1963 | D:9      | Reached skill level 5 in Evocations
  2019 | D:9      | Found a glowing golden altar of the Shining One.
  2055 | D:9      | Found a shattered altar of Ashenzari.
  2185 | D:9      | Reached skill level 7 in Invocations
  2277 | D:8      | Noticed Joseph
  2288 | D:8      | Killed Joseph
  2288 | D:8      | Reached skill level 15 in Axes
  2288 | D:8      | Reached skill level 6 in Evocations
  2331 | Lair:1   | Entered Level 1 of the Lair of Beasts
  2399 | Lair:1   | Noticed a black mamba
  2404 | Lair:1   | Killed a black mamba
  2404 | Lair:1   | Received a gift from Okawaru
  2452 | Lair:2   | Noticed a death yak
  2452 | Lair:2   | Noticed a death yak
  2453 | Lair:2   | Noticed a death yak
  2469 | Lair:2   | Killed a death yak
  2469 | Lair:2   | Reached skill level 3 in Fighting
  2469 | Lair:2   | Reached skill level 8 in Invocations
  2479 | Lair:2   | Your magical essence is drained by the effort!
  2483 | Lair:2   | Killed a death yak
  2483 | Lair:2   | Reached XP level 11. HP: 55/90 MP: 1/8
  2483 | Lair:2   | Killed a death yak
  2646 | Lair:2   | Reached skill level 7 in Evocations
  2651 | Lair:2   | Your magical essence is drained by the effort!
  2663 | Lair:2   | Found a hole to the Spider Nest.
  2670 | Spider:1 | Entered Level 1 of the Spider Nest
  2675 | Spider:1 | Noticed a wolf spider
  2679 | Spider:1 | Killed a wolf spider
  2679 | Spider:1 | Noticed a wolf spider
  2688 | Spider:1 | Reached skill level 4 in Fighting
  2704 | Spider:1 | Killed a wolf spider
  2704 | Spider:1 | Reached skill level 9 in Invocations
  2706 | Spider:1 | Reached skill level 16 in Axes
  2737 | Spider:1 | Your magical essence is drained by the effort!
  2747 | Spider:2 | Noticed an orb spider
  2749 | Spider:2 | Reached skill level 8 in Evocations
  2758 | Spider:2 | Killed an orb spider
  2758 | Spider:2 | Reached skill level 5 in Fighting
  2789 | Spider:3 | Reached skill level 10 in Invocations
  2794 | Spider:3 | Noticed a wolf spider
  2799 | Spider:3 | Killed a ghost moth
  2799 | Spider:3 | Reached skill level 6 in Fighting
  2803 | Spider:3 | Received a gift from Okawaru
  2804 | Spider:3 | Got a pair of jewelled gloves {god gift}
  2815 | Spider:3 | Killed a wolf spider
  2822 | Spider:3 | Identified the +1 pair of gloves "Upneyzu" {*Slow rC+ rN+
                  | Regen+} (Okawaru gifted it to you on level 3 of the Spider
                  | Nest)
  2867 | Spider:4 | Entered Level 4 of the Spider Nest
  2867 | Spider:4 | Noticed an orb spider
  2870 | Spider:4 | Killed an orb spider
  2870 | Spider:4 | Reached skill level 7 in Fighting
  2914 | Spider:4 | Noticed an orb spider
  2919 | Spider:4 | Killed an orb spider
  2919 | Spider:4 | Reached XP level 12. HP: 83/109 MP: 8/8
  2997 | Spider:4 | Reached skill level 8 in Fighting
  3011 | Spider:4 | Reached skill level 1 in Spellcasting
  3031 | Spider:4 | Reached skill level 2 in Spellcasting
  3033 | Spider:4 | Reached skill level 4 in Armour
  3033 | Spider:4 | Reached skill level 4 in Shields
  3052 | Spider:4 | Your magical essence is drained by the effort!
  3083 | Spider:4 | Noticed an emperor scorpion
  3084 | Spider:4 | Noticed an emperor scorpion
  3099 | Spider:4 | Killed an emperor scorpion
  3099 | Spider:4 | Reached skill level 3 in Spellcasting
  3113 | Spider:4 | Killed an emperor scorpion
  3113 | Spider:4 | Reached skill level 5 in Armour
  3113 | Spider:4 | Reached skill level 5 in Shields
  3113 | Spider:4 | Reached skill level 4 in Spellcasting
  3121 | Spider:4 | Noticed an emperor scorpion
  3163 | Spider:4 | Killed an emperor scorpion
  3163 | Spider:4 | Received a gift from Okawaru
  3166 | Spider:4 | Reached skill level 5 in Spellcasting
  3203 | Spider:4 | Reached skill level 6 in Armour
  3203 | Spider:4 | Reached skill level 6 in Shields
  3245 | Spider:4 | Noticed an emperor scorpion
  3255 | Spider:4 | Reached XP level 13. HP: 69/117 MP: 0/9
  3260 | Spider:4 | Killed a ghost moth
  3260 | Spider:4 | Reached ****** piety under Okawaru
  3260 | Spider:4 | Reached skill level 6 in Spellcasting
  3265 | Spider:4 | Noticed an emperor scorpion
  3268 | Spider:4 | Killed a ghost moth
  3269 | Spider:4 | Noticed an emperor scorpion
  3270 | Spider:4 | Your magical essence is drained by the effort!
  3284 | Spider:4 | Killed a ghost moth
  3291 | Spider:4 | Reached skill level 7 in Armour
  3291 | Spider:4 | Reached skill level 7 in Shields
  3305 | Spider:4 | Killed an emperor scorpion
  3305 | Spider:4 | Received a gift from Okawaru
  3317 | Spider:4 | Your magical essence is drained by the effort!
  3323 | Spider:4 | Killed an emperor scorpion
  3323 | Spider:4 | Reached skill level 7 in Spellcasting
  3328 | Spider:4 | Your magical essence is drained by the effort!
  3329 | Spider:4 | Killed an emperor scorpion
  3331 | Spider:4 | Your magical essence is drained by the effort!
  3337 | Spider:4 | Got a jet-encrusted scale mail {god gift}
  3352 | Spider:4 | Got a gossamer rune of Zot
  3595 | Lair:3   | Reached skill level 8 in Armour
  3595 | Lair:3   | Reached skill level 8 in Shields
  3703 | Lair:2   | Reached skill level 1 in Dodging
  3712 | Lair:2   | Reached skill level 8 in Spellcasting
  3725 | Lair:2   | Identified the +2 scale mail of Music {Slay+2} (Okawaru
                  | gifted it to you on level 4 of the Spider Nest)
  3761 | Lair:2   | Found a staircase to the Shoals.
  3767 | Shoals:1 | Entered Level 1 of the Shoals
  3883 | Shoals:2 | Reached skill level 2 in Dodging
  3900 | Shoals:2 | Noticed Nikola
  3939 | Shoals:2 | Killed Nikola
  3942 | Shoals:2 | Noticed a merfolk impaler
  3974 | Shoals:2 | Killed a merfolk impaler
  3974 | Shoals:2 | Reached skill level 3 in Dodging
  3974 | Shoals:2 | Gained mutation: You resist negative energy. (rN+) [Deep
                  | Dwarf growth]
  3974 | Shoals:2 | Reached XP level 14. HP: 59/126 MP: 3/10
  3980 | Shoals:2 | Received a gift from Okawaru
  4075 | Shoals:2 | Reached skill level 9 in Spellcasting
  4081 | Shoals:2 | Reached skill level 9 in Shields
  4083 | Shoals:2 | Your magical essence is drained by the effort!
  4086 | Shoals:2 | Reached skill level 9 in Armour
  4105 | Shoals:2 | Reached skill level 4 in Dodging
  4133 | Shoals:2 | Identified a scroll of acquirement
  4133 | Shoals:2 | Acquired a +2 broad axe of freezing
  4136 | Shoals:2 | Your magical essence is drained by the effort!
  4137 | Shoals:2 | Your magical essence is drained by the effort!
  4178 | Shoals:3 | Noticed Kiref's ghost (adept HOFi)
  4225 | Shoals:3 | Found a transporter.
  4309 | Shoals:3 | Your magical essence is drained by the effort!
  4331 | Shoals:3 | Found Beishan's Armour Shop.
  4379 | Shoals:4 | Entered Level 4 of the Shoals
  4382 | Shoals:4 | Your magical essence is drained by the effort!
  4416 | Shoals:4 | Reached skill level 5 in Dodging
  4419 | Shoals:4 | Your magical essence is drained by the effort!
  4503 | Shoals:4 | Received a gift from Okawaru
  4514 | Shoals:4 | Reached skill level 10 in Spellcasting
  4524 | Shoals:4 | Reached skill level 10 in Armour
  4524 | Shoals:4 | Reached skill level 6 in Dodging
  4524 | Shoals:4 | Reached skill level 10 in Shields
  4548 | Shoals:4 | Got a heavily runed bone amulet
  4556 | Shoals:4 | Reached skill level 7 in Dodging
  4561 | Shoals:4 | Got a barnacled rune of Zot
  4568 | Shoals:4 | Identified the amulet of the Suburbs {Acrobat Int+3 Stlth+}
                  | (You found it on level 4 of the Shoals)
  4749 | Lair:3   | Got a crude war axe
  4750 | Lair:3   | Identified the +6 war axe "Pias" {flame, rPois SInv} (You
                  | found it on level 3 of the Lair of Beasts)
  4878 | Lair:6   | Entered Level 6 of the Lair of Beasts
  5270 | Lair:6   | Reached XP level 15. HP: 62/133 MP: 5/7
  5380 | Lair:5   | Found a staircase to the Slime Pits.
  5387 | Lair:5   | Your magical essence is drained by the effort!
  5389 | Slime:1  | Entered Level 1 of the Pits of Slime
  5389 | Slime:1  | Noticed an acid blob
  5389 | Slime:1  | Noticed an acid blob
  5391 | Slime:1  | Noticed an azure jelly
  5402 | Lair:5   | Killed an acid blob
  5402 | Lair:5   | Reached skill level 8 in Dodging
  5452 | Lair:5   | Your magical essence is drained by the effort!
  5462 | Slime:1  | Noticed an azure jelly
  5463 | Slime:1  | Noticed an acid blob
  5465 | Slime:1  | Killed an azure jelly
  5466 | Slime:1  | Noticed an acid blob
  5475 | Lair:5   | Killed an acid blob
  5499 | Lair:5   | Your magical essence is drained by the effort!
  5501 | Lair:5   | Your magical essence is drained by the effort!
  5550 | Lair:5   | Killed an acid blob
  5550 | Lair:5   | Received a gift from Okawaru
  5550 | Lair:5   | Reached skill level 9 in Fighting
  5551 | Lair:5   | Got a transparent kite shield {god gift}
  5562 | Lair:5   | Identified the +0 kite shield "Qupn" {+Blink rN++ Int+2
                  | Slay-5} (Okawaru gifted it to you on level 5 of the Lair of
                  | Beasts)
  5625 | Slime:1  | Noticed an azure jelly
  5629 | Slime:1  | Killed an acid blob
  5629 | Slime:1  | Reached skill level 9 in Dodging
  5650 | Lair:5   | Killed an azure jelly
  5651 | Lair:5   | Your magical essence is drained by the effort!
  5651 | Lair:5   | Slain by an enormous slime creature

Illustrated notes

Levels and vault maps discovered:
D:1:      dpeg_arrival_rhombi, layout_basic
D:2:      layout_basic, gammafunk_temple_overflow_wave
D:3:      layout_rooms, serial_undead, serial_undead_a, serial_undead_e,
          serial_undead_d, serial_undead_c, serial_undead_b, serial_undead_e,
          serial_undead_c, serial_undead_c
D:4:      layout_rooms, minmay_temple_entry_large_hall
D:5:      layout_basic, uniq_ijyb
D:6:      layout_basic, fiery_altar_vehumet, nicolae_ru_sacrificial_ziggurat,
          minmay_hedge_maze
D:7:      layout_basic, lemuel_mausoleum_altar_kikubaaqudgha,
          lemuel_doored_altar, nemelex_diamond_rough_becter, uniq_maggie
D:8:      layout_basic, kennysheep_mini_moat, minmay_lair_entry_grove,
          uniq_grum, uniq_joseph, uniq_prince_ribbit1
D:9:      layout_cross, cheibrodos_ashenzari_chains, lemuel_centaur_altar
D:10:     layout_irregular_city
D:11:     layout_cave_pods, gammafunk_ghost_abyssal_escape
Lair:1:   layout_roguey, uniq_nergalle
Lair:2:   wander_river, layout_cave_pods, elwin_shoals_entry_rooms,
          nicolae_spider_entry_tight_spaces, minmay_lair_oklob_chamber
Lair:3:   layout_gridlike, infiniplex_staircase_pool
Lair:4:   layout_regular_city, enter_volcano_1, serial_bayou_pond_a
Lair:5:   gammafunk_mikee_crab_dinner, layout_concentric_octagons,
          dpeg_slime_entry_corner
Lair:6:   evilmike_catoblepas_cave, layout_regular_city, grunt_megastairs_1
Shoals:1: nicolae_shoals_island_circles, layout_shoals, uniq_frances
Shoals:2: layout_shoals, serial_shops, shop, nicolae_shoals_flooded_hall,
          uniq_nikola
Shoals:3: layout_shoals, gammafunk_ghost_berserking_beasts, serial_shops,
          nicolae_shop_statue_plus
Shoals:4: shoals_end_grunt_ice, layout_shoals
Spider:1: layout_spider_delve, zaba_anthell, uniq_donald
Spider:2: layout_spider_delve
Spider:3: layout_chambers, uniq_azrael, uniq_arachne
Spider:4: grunt_spider_rune_circles, hangedman_stitches_earthworm,
          hangedman_spider_tarantella_strand
Slime:1:  layout_caves

Skill      XL: |  1  2  3  4  5  6  7  8  9 10 11 12 13 14 15 |
---------------+----------------------------------------------+-----
Axes           | 3 4 5 6 7 9 12 14 15 16 | 16.0
Invocations    | 1 2 3 4 5 8 10 | 10.0
Evocations     | 3 6 8 |  8.0
Fighting       | 3 7 8 9 |  9.2
Spellcasting   | 5 8 10 | 10.7
Armour         | 6 8 10 | 10.0
Shields        | 6 8 10 | 10.0
Dodging        | 3 7 9 |  9.1

Action                   |  1- 3 |  4- 6 |  7- 9 | 10-12 | 13-15 || total
-------------------------+-------+-------+-------+-------+-------++-------
Melee: War axe           |    44 |    96 |   272 |   509 |   314 ||  1235
       Broad axe         |       |       |       |       |   331 ||   331
Throw: Boomerang         |       |       |       |       |    19 ||    19
       Throwing net      |       |       |       |       |     1 ||     1
Invok: Heroism           |       |     1 |     7 |    11 |    16 ||    35
       Finesse           |       |       |       |     6 |     3 ||     9
 Abil: Heal Wounds       |     2 |     7 |    11 |    38 |    52 ||   110
Evoke: Wand              |       |       |     3 |    48 |    28 ||    79
  Use: Scroll            |       |       |    12 |     8 |    10 ||    30
       Potion            |       |       |       |     4 |    10 ||    14
 Stab: Paralysed         |       |       |       |    31 |    17 ||    48
       Sleeping          |       |       |       |       |     4 ||     4
       Held in net/web   |       |       |       |       |     1 ||     1
Armor: Scale mail        |    24 |       |       |       |       ||    24
       Chain mail        |       |    88 |    89 |   165 |   330 ||   672
       Plate armour      |       |       |   117 |   155 |    54 ||   326
Dodge: Dodged            |    18 |    32 |    84 |   152 |   291 ||   577
Block: Kite shield       |    34 |    62 |   164 |   273 |   463 ||   996

Table legend: (Time is in decaauts)
 A = Elapsed time spent in this place.
 B = Non-inter-level travel time spent in this place.
 C = Inter-level travel time spent in this place.
 D = Time resting spent in this place.
 E = Time spent auto-exploring this place.
 F = Levels seen in this place.
 G = Mean time per level.
                   A        B        C        D        E       F      G
               +--------+--------+--------+--------+--------+-----+--------+
         Total |   5328 |   5041 |    287 |      0 |      0 |  26 |  204.9 |
       Dungeon |   2325 |   2312 |     13 |      0 |      0 |  11 |  211.4 |
          Lair |   1470 |   1329 |    141 |      0 |      0 |   6 |  245.0 |
        Shoals |    816 |    816 |      0 |      0 |      0 |   4 |  204.0 |
   Spider Nest |    689 |    557 |    132 |      0 |      0 |   4 |  172.2 |
    Slime Pits |     26 |     26 |      0 |      0 |      0 |   1 |   26.0 |
               +--------+--------+--------+--------+--------+-----+--------+

Top non-repeatable levels by time:
Spider:4: 482 daAuts
  Lair:6: 430 daAuts
    D:10: 397 daAuts
     D:8: 395 daAuts
  Lair:2: 390 daAuts
  Lair:5: 346 daAuts
     D:6: 329 daAuts
     D:9: 315 daAuts
Shoals:2: 295 daAuts
     D:7: 260 daAuts
Shoals:3: 224 daAuts
  Lair:3: 182 daAuts
Shoals:4: 171 daAuts
     D:1: 166 daAuts
     D:2: 130 daAuts
